Map: Para-cité EC

Players

ZZZzzz

  • Race: Terran Terran
  • League: Gold
  • Spawn Location: 5:00

zidar - Winner!

  • Race: Zerg Zerg
  • League: Gold
  • Spawn Location: 11:00

VOD

Have the link to the VOD?

Description

Time

  • Played on: Dec. 30, 2018, 10:40 a.m.
  • Length: 13:28
Show
View Real Time Build Order
Export as new Build Order

ZZZzzz Terran 

Build Orders:  

Get SALT Encoding   

  12  0:01  SCV  
  13  0:15  Supply Depot  
  13  0:18  SCV  
  14  0:24  Refinery  
  14  0:30  SCV  
  15  0:43  Barracks  
  15  0:46  SCV  
  16  0:58  SCV  
  17  1:10  SCV  
  18  1:22  SCV  
  19  1:31  Marine  
  20  1:45  Factory  
  20  1:57  Command Center  
  20  2:12  Barracks Reactor  
  20  2:17  Orbital Command  
  20  2:22  Refinery  
  20  2:29  Supply Depot  
  20  2:35  Starport  
  21  2:44  SCV  
  21  2:56  SCV  
  22  3:04  Bunker  
  24  3:05  Hellion  
  24  3:09  Hellion  
  26  3:15  Medivac  
  26  3:19  SCV  
  31  3:27  Hellion  
  31  3:39  Barracks Tech Lab, Orbital Command  
  31  3:46  Hellion  
  33  3:56  Supply Depot  
  33  3:58  SCV  
  34  4:10  SCV  
  35  4:19  Barracks  
  35  4:29  SCV x2  
  37  4:32  Supply Depot  
  37  4:41  SCV  
  30  5:23  Supply Depot  
  30  5:24  Barracks Reactor  
  30  5:34  Barracks  
  30  5:43  SCV x2  
  30  5:46  Marine x2, Siege Tank  
  37  5:54  Engineering Bay  
  37  5:55  SCV x2  
  37  5:56  Engineering Bay  
  39  6:00  Supply Depot  
  39  6:04  Marine  
  39  6:05  Supply Depot  
  39  6:08  Marine x2  
  42  6:20  Starport Tech Lab  
  42  6:21  SCV x2  
  42  6:25  Marine x3  
  45  6:26  Marine  
  45  6:28  Siege Tank  
  51  6:33  SCV x2  
  51  6:39  Terran Infantry Armor Level 1, Terran Infantry Weapons Level 1  
  53  6:54  Marine x4  
  53  6:56  Command Center  
  53  6:57  Barracks Tech Lab, Raven  
  59  7:11  Sensor Tower  
  59  7:13  Marine x4  
  59  7:15  Siege Tank  
  66  7:17  Stimpack  
  66  7:19  Marine  
  67  7:30  SCV  
  67  7:31  Marine x3  
  71  7:40  Medivac  
  71  7:41  Marine x2, Refinery  
  71  7:42  SCV  
  71  7:43  Refinery  
  76  7:48  Marine  
  76  7:49  Marine  
  78  7:54  Marine, SCV  
  80  7:59  Marine  
  80  8:00  Marine  
  82  8:06  Marine x2  
  82  8:08  Armory  
  82  8:10  Medivac  
  82  8:12  Marine  
  87  8:14  Siege Tank  
  87  8:16  Marine  
  87  8:18  Marine, SCV x2  
  94  8:24  Marine x2  
  96  8:30  Marine, SCV x2, Orbital Command  
  99  8:34  Marine  
  100  8:53  Marine  
  101  9:03  Barracks  
  101  9:05  Orbital Command  
  101  9:07  Barracks  
  101  9:39  Supply Depot x2  
  101  9:41  Supply Depot  
  101  9:42  Supply Depot  
  101  9:45  Supply Depot  
  101  9:50  Missile Turret  
  101  9:56  Missile Turret x3  
  101  9:58  Missile Turret  
  101  9:59  Missile Turret  
  101  10:00  Marine x5, SCV x2  
  108  10:12  SCV  
  108  10:13  SCV x2  
  111  10:18  Marine x5  
  111  10:20  Barracks Reactor x2  
  116  10:25  SCV x3  
  119  10:33  Siege Tank  
  122  10:36  Marine  
  122  10:37  SCV x3  
  126  10:46  Marine x4  
  126  10:47  Medivac  
  132  10:51  SCV x3  
  132  10:54  Marine  
  136  11:03  Marine, SCV  
  140  11:23  Starport  
  140  11:31  Marine  
  141  11:36  Marine x2  
  141  11:49  Supply Depot x2  
  141  11:50  Supply Depot  
  141  11:52  Supply Depot  
  141  12:11  Marine x5, Liberator, Command Center  
  141  12:12  Liberator  
  146  12:20  Missile Turret  
  146  12:28  Marine x3  
  155  12:30  Starport Reactor  
  155  12:44  Missile Turret  
  155  12:46  Missile Turret  
Show
View Real Time Build Order
Export as new Build Order

zidar Zerg - Winner!

Build Orders: Hatch First, Muta Ling Bane 

Get SALT Encoding   

  12  0:01  Drone  
  13  0:12  Overlord  
  13  0:16  Drone  
  14  0:31  Drone x2  
  14  0:35  Drone  
  17  0:56  Hatchery  
  16  0:57  Drone  
  16  1:01  Extractor  
  16  1:02  Drone  
  17  1:13  Drone  
  18  1:27  Spawning Pool  
  18  1:28  Drone  
  18  1:40  Drone  
  18  1:44  Drone  
  20  1:50  Overlord  
  19  2:02  Drone  
  20  2:11  Drone  
  21  2:20  Queen x2  
  25  2:24  Overlord  
  25  2:28  Zergling x2  
  26  2:30  Zergling x2  
  26  2:35  Metabolic Boost  
  27  2:38  Drone  
  28  2:46  Drone  
  28  2:47  Drone  
  28  2:48  Drone  
  31  2:54  Drone  
  32  3:03  Zergling x4  
  34  3:11  Baneling Nest  
  33  3:14  Lair  
  33  3:16  Drone x3  
  36  3:22  Extractor  
  36  3:23  Extractor  
  36  3:24  Drone  
  34  3:50  Drone x7  
  41  4:00  Evolution Chamber  
  41  4:01  Evolution Chamber  
  39  4:22  Overlord x2  
  39  4:25  Drone x5  
  39  4:28  Hatchery  
  43  4:34  Zerg Melee Weapons Level 1  
  43  4:35  Zerg Ground Armor Level 1  
  43  4:37  Overlord  
  43  4:47  Centrifical Hooks  
  34  5:20  Drone x8  
  42  5:28  Extractor  
  41  5:31  Zergling x4  
  41  5:32  Zergling x16  
  51  5:44  Queen  
  51  5:46  Queen  
  55  5:53  Baneling  
  55  5:54  Baneling x9  
  55  6:05  Drone x2  
  55  6:06  Drone  
  55  6:11  Drone x2  
  60  6:35  Drone x10  
  60  6:39  Zerg Ground Armor Level 2, Zerg Melee Weapons Level 2  
  70  6:42  Pneumatized Carapace  
  70  6:55  Spire  
  69  7:16  Drone x4  
  73  7:23  Overlord x3, Extractor  
  73  7:24  Overlord  
  73  7:25  Extractor  
  71  7:36  Infestation Pit  
  70  8:00  Drone x10  
  70  8:01  Drone x2  
  82  8:16  Hatchery  
  81  8:20  Hive  
  81  8:24  Mutalisk  
  81  8:25  Mutalisk x7  
  97  8:30  Zergling x14  
  97  8:31  Zergling x2  
  105  8:34  Overlord x2  
  105  8:56  Baneling x4  
  105  9:36  Adrenal Glands  
  105  9:38  Queen  
  105  9:45  Ultralisk Cavern  
  106  9:46  Zerg Melee Weapons Level 3, Zerg Ground Armor Level 3  
  106  9:49  Greater Spire  
  106  9:55  Drone x3  
  106  9:57  Drone  
  110  10:17  Hatchery  
  110  10:18  Zergling x32  
  110  10:21  Zergling x4  
  127  10:27  Overlord  
  127  10:28  Overlord x5  
  127  10:43  Baneling x16  
  127  10:47  Ultralisk  
  127  10:48  Ultralisk x3  
  127  10:49  Ultralisk  
  157  10:52  Chitinous Plating  
  157  11:26  Overlord  
  157  11:27  Overlord x3  
  157  11:39  Mutalisk  
  157  11:40  Mutalisk x7  
  157  11:45  Zergling x24  
  185  12:35  Mutalisk, Ultralisk x2  
  152  13:10  Zergling x2  
  152  13:11  Zergling x14  
Tags
 
Composition
Muta Ling Bane
League
GoldGold
Matchup
TvZ
Spawn Locations
Cross Positions
Add a new tag
Caveats
  • Supply blocks, unpowered buildings, or Contaminate may cause inaccurate times.
  • Supply counts are checked every 10 seconds.